[Event "Early-Titled-Tuesday-Blitz-September-26-2023"]
[Site "Chess.com"]
[Date "2023.09.26"]
[Round "5"]
[White "LoaySameer"]
[Black "ExchangeAB"]
[Result "1-0"]
[WhiteElo "2614"]
[BlackElo "2441"]
[TimeControl "180+1"]
[EndTime "8:58:21 PDT"]
[Termination "LoaySameer won by resignation"]

1. Nf3 c6 2. g3 d5 3. Bg2 Nf6 4. O-O Bf5 5. d3 h6 6. Nbd2 e6 7. b3 Bh7 8. Bb2 Be7 9. e4 O-O 10. Qe2 a5 11. a3 b5 12. Ne5 Nfd7 13. Nxd7 Nxd7 14. f4 dxe4 15. dxe4 Qb6+ 16. Kh1 a4 17. f5 axb3 18. cxb3 exf5 19. exf5 Bf6 20. Bxf6 Nxf6 21. Ne4 Nxe4 22. Qxe4 c5 23. Qxa8 Rxa8 24. Bxa8 g6 25. f6 g5 26. Bd5 Bg6 27. a4 Qd6 28. Rad1 Qb6 29. Ra1 bxa4 30. bxa4 c4 31. a5 Qc5 32.
Bg2 Bd3 33. Rfe1 Qa7 34. Re8+ Kh7 35. Re7 Qd4 36. Ree1 Qa7 37. a6 Kg6 38. Re7 Qd4 39. Rae1 Qxf6 40. a7 Be4 41. Bxe4+ Kh5 42. Bg2 c3 43.
a8=Q 1-0

[Event "Early-Titled-Tuesday-Blitz-September-26-2023"]
[Site "Chess.com"]
[Date "2023.09.26"]
[Round "5"]
[White "astralpulse"]
[Black "Bauman_Guy"]
[Result "1-0"]
[WhiteElo "2648"]
[BlackElo "2875"]
[TimeControl "180+1"]
[EndTime "8:58:22 PDT"]
[Termination "astralpulse won by resignation"]

1. Nf3 d5 2. g3 c6 3. Bg2 Bg4 4. d4 Nd7 5. O-O e6 6. c4 Ngf6 7. Nc3 Bd6 8. Qb3 Qb8 9. Nd2 O-O 10. e4 dxe4 11. Ndxe4 Nxe4 12. Nxe4 Bc7 13. Nc3 Rd8 14. Be3 Bb6 15. h3 Bh5 16. Bf4 Bc7 17. Bg5 Re8 18.
Rfe1 h6 19. Be3 Bb6 20. a4 e5 21. d5 Bxe3 22. Rxe3 c5 23. Rae1 a5 24. Nb5 Ra6 25. d6 f6 26. h4 Bf7 27. Qd3 Nf8 28. f4 exf4 29. gxf4 Rxe3 30. Rxe3 Qd8 31. Bxb7 Rb6 32. Bd5 Qd7 33. f5 Bxd5 34. Qxd5+ Qf7 35. Qxf7+ Kxf7 36. Re7+ Kg8 37. d7 Nxd7 38. Rxd7 h5 39. Kf2 Rb8 40.
Rd5 Re8 41. Rxc5 Re4 42. Rc8+ Kh7 43. c5 Rxh4 44. c6 Rxa4 45. c7 1-0

[Event "Early-Titled-Tuesday-Blitz-September-26-2023"]
[Site "Chess.com"]
[Date "2023.09.26"]
[Round "5"]
[White "Kostya0705"]
[Black "Flaccidmoves"]
[Result "0-1"]
[WhiteElo "2596"]
[BlackElo "2458"]
[TimeControl "180+1"]
[EndTime "8:58:22 PDT"]
[Termination "Flaccidmoves won by resignation"]

1. e4 Nf6 2. e5 Nd5 3. d4 d6 4. c4 Nb6 5. exd6 exd6 6. Bd3 Be7 7. a3 O-O 8. Qc2 Re8 9. Ne2 g6 10. Nbc3 Nc6 11. Be3 Bg4 12. O-O-O Bf6 13. h3 Bxe2 14. Nxe2 Bg5 15. Bxg5 Qxg5+ 16. f4 Qxg2 17. f5 Qf2 18. fxg6 hxg6 19. Bxg6 Rxe2 20. Bxf7+ Kxf7 21. Qh7+ Ke8 22. Rhf1 Qe3+ 23. Kb1 Qe4+ 24. Qxe4+ Rxe4 25. Rg1 Kd7 26.
c5 Nd5 27. Rg5 Nf4 28. d5 Ne5 29. Rg7+ Ke8 30. Rg8+ Kf7 31. Rxa8 dxc5 32. Rc8 b6 33. Rxc7+ Kf6 34. d6 Rd4 35. Rxd4 cxd4 36. d7 Ke7 37. Rxa7 Nxd7 38. Kc2 Kd6 39. a4 Nc5 40. Ra8 d3+ 41. Kc1 Nb3+ 42. Kd1 Kc5 43. h4 Nd5 44. h5 Ne3+ 45. Ke1 d2+ 46. Kf2 d1=Q 47. Rc8+ Kb4 48. Kxe3 Qxh5 49. Rc3 Qe5+ 50. Kd3 Qd4+ 51. Kc2 Qd2+ 52.
Kb1 Qd1+ 0-1

[Event "Early-Titled-Tuesday-Blitz-September-26-2023"]
[Site "Chess.com"]
[Date "2023.09.26"]
[Round "5"]
[White "SargissyanSargis"]
[Black "Boundless_Strike"]
[Result "0-1"]
[WhiteElo "2417"]
[BlackElo "2599"]
[TimeControl "180+1"]
[EndTime "8:58:22 PDT"]
[Termination "Boundless_Strike won on time"]

1. e4 d6 2. d4 e5 3. Nc3 a6 4. dxe5 Nc6 5. exd6 Bxd6 6. Nf3 Bg4 7. h3 Bh5 8. Be2 Qe7 9. Bg5 f6 10. Be3 O-O-O 11.
Qc1 g5 12. O-O Nh6 13. Nd5 Qf7 14. c4 g4 15. hxg4 Nxg4 16. Bf4 Rhg8 17. c5 Be5 18. Nxe5 fxe5 19. Bg3 Nd4 20. Bc4 Qg7 21. Qc3 Be8 22.
Bh4 Qh6 23. Bg3 Bb5 24. Ne7+ Kb8 25. Nxg8 Rxg8 26. Bxb5 axb5 27. Rfe1 b4 28. Qc4 Rg7 29. Rad1 Kc8 30. Rxd4 exd4 31. Qxd4 Rd7 32. Qh8+ Rd8 33.
Qxd8+ Kxd8 34. f3 Ne3 0-1

[Event "Early-Titled-Tuesday-Blitz-September-26-2023"]
[Site "Chess.com"]
[Date "2023.09.26"]
[Round "5"]
[White "vovachesss"]
[Black "Denis_Makhnyov"]
[Result "0-1"]
[WhiteElo "2745"]
[BlackElo "2932"]
[TimeControl "180+1"]
[EndTime "8:58:23 PDT"]
[Termination "Denis_Makhnyov won on time"]

1. e4 e5 2. Nf3 Nc6 3. Nc3 Nf6 4. d4 Bb4 5. Nxe5 Qe7 6. Nxc6 Qxe4+ 7. Be2 Bxc3+ 8. bxc3 Qxc6 9. O-O O-O 10. c4 d5 11.
cxd5 Nxd5 12. c4 Nc3 13. Qd3 Nxe2+ 14. Qxe2 Re8 15. Be3 Qg6 16. Qf3 Bf5 17. Rfe1 Be4 18. Qg3 Qa6 19. f3 Bd3 20. Qxc7 Bxc4 21. a3 Rac8 22.
Qf4 h6 23. h3 Bd5 24. Qf5 Be6 25. Qf4 Rc3 26. a4 b6 27. Bf2 Rd3 28. Red1 Rxd1+ 29. Rxd1 Qxa4 30. Rc1 Qa3 31. Rc7 a5 32. Rb7 Qb4 33. Qe3 Qb5 34. d5 Bxd5 0-1

[Event "Early-Titled-Tuesday-Blitz-September-26-2023"]
[Site "Chess.com"]
[Date "2023.09.26"]
[Round "5"]
[White "noblerone"]
[Black "skkeyan1309"]
[Result "0-1"]
[WhiteElo "2499"]
[BlackElo "2726"]
[TimeControl "180+1"]
[EndTime "8:58:23 PDT"]
[Termination "skkeyan1309 won on time"]

1. d4 e6 2. Nf3 d5 3. Bg5 Nf6 4. e3 h6 5. Bh4 c5 6. c3 Nc6 7.
Nbd2 Bd6 8. Bb5 Bd7 9. O-O Qc7 10. Bg3 Bxg3 11. fxg3 cxd4 12. exd4 O-O 13. Bxc6 Bxc6 14.
Ne5 Nd7 15. Nxd7 Qxd7 16. Nf3 Bb5 17. Rf2 f6 18. Qd2 Rae8 19. Re1 Qf7 20. Qf4 Qg6 21.
Qd6 Kh7 22. Nh4 Qd3 23. Nf3 Kg8 24. h3 Rf7 25. Rxe6 Rxe6 26. Qxe6 Qe4 27. Qd6 Rd7 28.
Qf4 Qxf4 29. gxf4 Re7 30. Kh2 Bc4 31. a3 Bd3 32. Nh4 Re1 33. f5 Be4 34. Nf3 Re3 35.
Kg3 Bxf5 36. Kf4 Re4+ 37. Kxf5 Kf7 38. Ne5+ fxe5 0-1

[Event "Early-Titled-Tuesday-Blitz-September-26-2023"]
[Site "Chess.com"]
[Date "2023.09.26"]
[Round "5"]
[White "moro182"]
[Black "leejunhyeok"]
[Result "1-0"]
[WhiteElo "2825"]
[BlackElo "2657"]
[TimeControl "180+1"]
[EndTime "8:58:24 PDT"]
[Termination "moro182 won by resignation"]

1. d4 Nf6 2. Bf4 b6 3. e3 Bb7 4. h3 g6 5. Nf3 Bg7 6. c3 O-O 7. Nbd2 d5 8. a4 c5 9. a5 Nc6 10. a6 Bc8 11. Bb5 Bd7 12. Qa4 Nb8 13. Bxb8 Bxb5 14.
Qxb5 Qxb8 15. O-O Qd6 16. Ne5 Rfc8 17. Rfd1 Rc7 18. Nd3 Nd7 19. dxc5 bxc5 20. e4 Rb8 21. Qa5 c4 22. Nb4 Rc5 23. Qa2 d4 24. Nxc4 Qe6 25.
Na5 Qxa2 26. Rxa2 dxc3 27. bxc3 Ne5 28. f4 Rxc3 29. Nd5 Rd3 30. Rc1 Rxd5 31. exd5 Nd3 32. Rd1 Nxf4 33. Nc6 Ra8 34. Nxe7+ Kf8 35. Nc6 Bf6 36. d6 Ne6 37. d7 Bd8 38. Rb2 Bb6+ 39. Rxb6 axb6 40. d8=Q+ Nxd8 41. Rxd8+ Rxd8 42. Nxd8 b5 43. a7 b4 44. a8=Q b3 45. Nc6+ 1-0

[Event "Early-Titled-Tuesday-Blitz-September-26-2023"]
[Site "Chess.com"]
[Date "2023.09.26"]
[Round "5"]
[White "GeorgiosSouleidis"]
[Black "attack2mateU"]
[Result "1-0"]
[WhiteElo "2565"]
[BlackElo "2735"]
[TimeControl "180+1"]
[EndTime "8:58:24 PDT"]
[Termination "GeorgiosSouleidis won by resignation"]

1. e4 c5 2. Be2 Nc6 3. d3 e6 4. f4 d5 5. Nf3 Bd6 6. O-O Nge7 7. c3 O-O 8. g3 Bc7 9. Be3 d4 10. Bf2 b5 11. cxd4 cxd4 12. a4 b4 13. Nbd2 a5 14.
Rc1 Ba6 15. Nb3 Bb6 16. Nc5 Bxc5 17. Rxc5 Qb6 18. Rc1 b3 19. Nd2 Rab8 20. Nc4 Qb4 21. Be1 Qxa4 22. Ra1 Qb5 23. Nxa5 Nxa5 24. Rxa5 Qb7 25.
Qa1 Bb5 26. Ra7 Qc6 27. Rxe7 Qc2 28. Rf2 Ra8 29. Qd1 Qxb2 30. Bf1 Qa3 31. Rb7 Rfb8 32.
Rxb8+ Rxb8 33. Qb1 Ba4 34. Qb2 Qc5 35. Rd2 h5 36.
Be2 h4 37. gxh4 Rc8 38. Bf2 Qc1+ 39. Kg2 Rd8 1-0

[Event "Early-Titled-Tuesday-Blitz-September-26-2023"]
[Site "Chess.com"]
[Date "2023.09.26"]
[Round "5"]
[White "Antik5"]
[Black "Darko-Dimitrijevic"]
[Result "1-0"]
[WhiteElo "2378"]
[BlackElo "2109"]
[TimeControl "180+1"]
[EndTime "8:58:24 PDT"]
[Termination "Antik5 won on time"]

1. c4 e5 2. Nc3 Nf6 3. Nf3 Nc6 4. g3 d5 5. cxd5 Nxd5 6. Bg2 Nb6 7. O-O Be7 8. a3 O-O 9. b4 a6 10. Rb1 Be6 11. d3 f6 12. Be3 Nd4 13. Nd2 c6 14. Nce4 Nd5 15. Bxd4 exd4 16. Qc2 Bf7 17. Rb2 f5 18. Nc5 b6 19. Ncb3 Nc3 20. Nb1 Rc8 21. Nxc3 dxc3 22. Qxc3 Bf6 23. d4 c5 24. Rd1 cxd4 25.
Qd2 d3 26. Rbb1 dxe2 27. Qxe2 Qc7 28. Qxa6 Qc2 29. Qd3 Qa2 30. Bd5 Qxa3 31. Qxf5 Qxb4 32. Bxf7+ Kxf7 33. Qd5+ Kg6 34. Nd4 Qc5 35. Qe4+ Kf7 36. Ne6 1-0

[Event "Early-Titled-Tuesday-Blitz-September-26-2023"]
[Site "Chess.com"]
[Date "2023.09.26"]
[Round "5"]
[White "FontVella8"]
[Black "Misticpikachu"]
[Result "0-1"]
[WhiteElo "2706"]
[BlackElo "2554"]
[TimeControl "180+1"]
[EndTime "8:58:25 PDT"]
[Termination "Misticpikachu won on time"]

1. e4 e6 2. d4 d5 3. Nc3 Nf6 4. e5 Nfd7 5. f4 c5 6. Nf3 Nc6 7. Be3 Be7 8. Qd2 O-O 9. dxc5 Qa5 10. a3 Bxc5 11. O-O-O b6 12. h4 Bb7 13. Kb1 Rfd8 14.
h5 d4 15. Nxd4 Nxd4 16. Bxd4 Nxe5 17. Nb5 Qxd2 18. Rxd2 Ng4 19. Be2 Ne3 20. Bxe3 Bxe3 21. Rxd8+ Rxd8 22. Nxa7 Bxg2 23. Rd1 Rxd1+ 24. Bxd1 Bxf4 25.
a4 g5 26. hxg6 fxg6 27. Nc8 h5 28. Nxb6 Be4 29. a5 Be3 30. b4 h4 31. Bg4 Bf5 32. Bf3 h3 33. Nc4 Bf2 34. b5 g5 35. b6 g4 36. b7 Ba7 37. Bc6 g3 38. Ne5 g2 39.
Nf3 h2 0-1

[Event "Early-Titled-Tuesday-Blitz-September-26-2023"]
[Site "Chess.com"]
[Date "2023.09.26"]
[Round "5"]
[White "HajiyevKanan"]
[Black "carokannlover213"]
[Result "0-1"]
[WhiteElo "2482"]
[BlackElo "2702"]
[TimeControl "180+1"]
[EndTime "8:58:25 PDT"]
[Termination "carokannlover213 won on time"]

1. d4 g6 2. Nf3 Bg7 3. g3 d6 4. Bg2 Nd7 5. O-O e5 6. dxe5 dxe5 7. c4 Ne7 8. Nc3 O-O 9. Ne1 c6 10. Bg5 h6 11. Bd2 Nf6 12. Qc1 Kh7 13. Nd3 Qc7 14.
Rd1 Bf5 15. Nc5 Rad8 16. h3 Bc8 17. Be3 b6 18. N5e4 Nxe4 19. Nxe4 f5 20. Nc3 Be6 21. b3 f4 22. Bd2 fxg3 23. fxg3 Nf5 24. Ne4 Nd4 25.
Re1 Qd7 26. g4 Rf7 27. Be3 Rdf8 28. Kh2 Qe7 29. Bxd4 exd4 30. Qd2 Qh4 31. Rf1 Bxg4 32. Rxf7 Rxf7 33. Rf1 Rxf1 34. Bxf1 Be5+ 35. Kg1 Bxh3 36. Bxh3 Qxh3 37. Qd3 Qxd3 38. exd3 g5 39. Kg2 Kg6 40. Kf3 h5 41. c5 g4+ 42. Kg2 h4 43. a4 h3+ 44. Kf2 bxc5 45. Nxc5 g3+ 46. Kf3 g2 0-1

[Event "Early-Titled-Tuesday-Blitz-September-26-2023"]
[Site "Chess.com"]
[Date "2023.09.26"]
[Round "5"]
[White "jaskol95"]
[Black "MidnightFox"]
[Result "1/2-1/2"]
[WhiteElo "2606"]
[BlackElo "2413"]
[TimeControl "180+1"]
[EndTime "8:58:26 PDT"]
[Termination "Game drawn by repetition"]

1. d4 Nf6 2. Nc3 d5 3. Bf4 c6 4. e3 Bf5 5. Nf3 h6 6. Bd3 Bxd3 7. cxd3 e6 8. O-O Bd6 9. Ne5 O-O 10. Qf3 Qe7 11.
Ne2 Nbd7 12. Nxd7 Nxd7 13. e4 Bxf4 14. Nxf4 Qb4 15. Qe3 Rab8 16. Rab1 Qa4 17. a3 Qb3 18. e5 Rfc8 19. Nh5 Nf8 20. f4 Qc2 21. f5 exf5 22.
Rbc1 Qxb2 23. Rxf5 Qxa3 24. Rcf1 Rc7 25. Qg3 Ne6 26.
Rf6 Kh7 27. Rxf7 Rxf7 28. Rxf7 Qc1+ 29. Rf1 Qg5 30. Qh3 Nxd4 31. e6 Re8 32. Nf4 Rf8 33.
Qe3 Rxf4 34. Rxf4 Ne2+ 35. Qxe2 Qxf4 36. e7 Qc1+ 37. Kf2 Qf4+ 38. Kg1 Qc1+ 39. Kf2 Qf4+ 40. Ke1 Qc1+ 41. Qd1 Qe3+ 42. Qe2 Qc1+ 43. Kf2 1/2-1/2

[Event "Early-Titled-Tuesday-Blitz-September-26-2023"]
[Site "Chess.com"]
[Date "2023.09.26"]
[Round "5"]
[White "Zarinur"]
[Black "platy3"]
[Result "0-1"]
[WhiteElo "2520"]
[BlackElo "2859"]
[TimeControl "180+1"]
[EndTime "8:58:26 PDT"]
[Termination "platy3 won by resignation"]

1. e4 c6 2. d4 d5 3. e5 Bf5 4. Nd2 e6 5. Nb3 Nd7 6. Nf3 a5 7. a4 h6 8. Be2 Ne7 9. O-O Bg6 10. Bd2 Nf5 11. c3 Be7 12. Qc1 Qb6 13.
Qd1 O-O 14. g4 Nh4 15. Nxh4 Bxh4 16. f4 Be4 17. Be3 f5 18. g5 hxg5 19. fxg5 Nxe5 20. Nc5 Ng6 21. Bh5 f4 22. Bxg6 Bxg6 23. Bxf4 Qxb2 24. Qd2 Qxd2 25. Bxd2 b6 26. Nxe6 Rxf1+ 27. Rxf1 Re8 28. Nf4 Bxg5 29. Nxg6 Bxd2 30. Ne5 Bxc3 31. Nxc6 Re6 32. Nd8 Bxd4+ 33. Kg2 Rf6 34. Rd1 Bc5 35. Rxd5 Rd6 36.
Rxd6 Bxd6 37. Ne6 Kf7 38. Nd4 Kf6 39. Nb5 Ke5 40. h4 g6 41. Kh3 Be7 42. Kg4 Kd5 43. h5 gxh5+ 44. Kxh5 Kc4 45. Nc7 Bd6 46. Na6 Kb3 47.
Kg4 Kxa4 48. Kf5 Kb5 49. Ke4 Kxa6 50. Kd5 a4 51. Kc4 b5+ 52. Kc3 Ka5 53. Kb2 b4 54. Ka2 Kb5 55. Kb1 Kc4 56. Ka2 b3+ 57. Kb2 Kb4 58. Kb1 a3 59. Ka1 Be5+ 60. Kb1 a2+ 61. Kc1 a1=N 62. Kd2 b2 63. Kd3 b1=B+ 64. Ke3 Nb3 65.
Kf3 Bf5 66. Ke3 Kc3 67. Kf3 Nd4+ 68. Ke3 Kc2 69. Kf2 Kd2 70. Kf1 Bh3+ 71. Kf2 Bf4 72. Kg1 Bg3 73. Kh1 Nf5 74. Kg1 Nh4 0-1

[Event "Early-Titled-Tuesday-Blitz-September-26-2023"]
[Site "Chess.com"]
[Date "2023.09.26"]
[Round "5"]
[White "RobertoJBM"]
[Black "Chaos_Magic"]
[Result "1-0"]
[WhiteElo "2821"]
[BlackElo "2417"]
[TimeControl "180+1"]
[EndTime "8:58:26 PDT"]
[Termination "RobertoJBM won on time"]

1. e4 e5 2. Nf3 Nc6 3. Bb5 a6 4. Ba4 Nf6 5. O-O Be7 6. Re1 b5 7. Bb3 d6 8. c3 O-O 9. h3 Bb7 10. d4 Re8 11. Nbd2 Bf8 12. a4 g6 13. Nf1 Bg7 14. d5 Nb8 15. c4 c6 16. Bg5 bxc4 17. dxc6 Bxc6 18. Bxc4 h6 19. Bh4 g5 20. Bxg5 hxg5 21. Nxg5 d5 22. exd5 Bxd5 23. Qb3 Bxc4 24.
Qxc4 Qd5 25. Qh4 e4 26. Rad1 Qe5 27. Ne3 Nc6 28. Nc4 Qc5 29. Nd6 Re7 30. Ndxe4 Nxe4 31. Nxe4 Qf5 32. Ng3 Rxe1+ 33. Rxe1 Qg6 34. b4 Rb8 35.
Re4 Ne5 36. Kh2 Qf6 37. Qxf6 Bxf6 38. Nh5 Bh8 39. Nf4 Nc6 40. Nd5 Be5+ 41. f4 Bd6 42. Kg3 Nxb4 43. Nf6+ Kf8 44. Nd7+ Kg7 45. Nxb8 1-0

[Event "Early-Titled-Tuesday-Blitz-September-26-2023"]
[Site "Chess.com"]
[Date "2023.09.26"]
[Round "5"]
[White "Witty_Alien"]
[Black "a-z30"]
[Result "0-1"]
[WhiteElo "2218"]
[BlackElo "2529"]
[TimeControl "180+1"]
[EndTime "8:58:27 PDT"]
[Termination "a-z30 won on time"]

1. e4 d6 2. d4 Nf6 3. Nc3 g6 4.
Bg5 Bg7 5. Qd2 h6 6. Bh4 c6 7. O-O-O O-O 8. e5 dxe5 9. dxe5 Qxd2+ 10. Rxd2 Ng4 11. Bxe7 Re8 12. f4 Rxe7 13. Rd8+ Kh7 14. Rxc8 Nf2 15. Nf3 Nxh1 16. Ne4 b5 17. b4 a5 18. h4 Rea7 19. h5 Na6 20. hxg6+ fxg6 21. Nfg5+ hxg5 22. Nxg5+ Kh6 23. Nf7+ Kh5 24. Be2+ Kh4 25.
Rxc6 Ng3 26. Rxg6 Nxe2+ 27. Kd2 Rxf7 28. Kxe2 Kh5 29. Rg5+ Kh6 30. g4 Re8 31. Kf3 Nxb4 32. Kg3 Nd5 33. Rh5+ Kg6 34. f5+ Rxf5 35. Rxf5 Rxe5 36.
Rf1 Re3+ 37. Kg2 Re5 38. Rd1 Ne3+ 39. Kf3 Nxd1 0-1

[Event "Early-Titled-Tuesday-Blitz-September-26-2023"]
[Site "Chess.com"]
[Date "2023.09.26"]
[Round "5"]
[White "ZeGood_ZeBad_ZeUgly"]
[Black "UK_23"]
[Result "0-1"]
[WhiteElo "2272"]
[BlackElo "2418"]
[TimeControl "180+1"]
[EndTime "8:58:27 PDT"]
[Termination "UK_23 won on time"]

1. Nf3 d5 2. g3 Nf6 3. Bg2 e6 4. O-O Be7 5. c4 O-O 6. d4 c6 7. Nc3 a5 8. Nd2 b6 9. e4 Ba6 10. e5 Nfd7 11. b3 b5 12. Re1 b4 13. Na4 Nb6 14. Nxb6 Qxb6 15. c5 Qd8 16. Nf1 Bb5 17. Qg4 Kh8 18. Bd2 Nd7 19. Ne3 Bd3 20. f4 g6 21. Bf1 Bxf1 22. Rxf1 Qb8 23. h4 h5 24. Qh3 Qb5 25. g4 hxg4 26. Nxg4 Kg7 27. f5 exf5 28.
Bh6+ Kg8 29. Ne3 Qd3 30. Rf3 Qxd4 31. Re1 Qxh4 32. Qxh4 Bxh4 33. Bxf8 Bxe1 34. Bd6 Bc3 35. Ng2 Nxe5 36. Re3 Re8 37. Kf1 f6 38. Nf4 Kf7 39.
a3 d4 40. Rh3 Kg7 41. axb4 axb4 42. Kf2 Ng4+ 43. Kg3 Re3+ 44. Kh4 g5+ 45. Kh5 Rxh3+ 46.
Nxh3 d3 47. Nf2 d2 48. Be7 Nxf2 49. Bxf6+ Kxf6 50. Kh6 d1=Q 51. Kh7 Qh5+ 52. Kg8 Qf7+ 0-1

[Event "Early-Titled-Tuesday-Blitz-September-26-2023"]
[Site "Chess.com"]
[Date "2023.09.26"]
[Round "5"]
[White "remi04"]
[Black "lefonghua"]
[Result "1-0"]
[WhiteElo "2831"]
[BlackElo "2620"]
[TimeControl "180+1"]
[EndTime "8:58:30 PDT"]
[Termination "remi04 won by resignation"]

1. c4 Nf6 2. Nc3 g6 3. g3 Bg7 4.
Bg2 O-O 5. d4 d6 6. Nf3 Nc6 7.
O-O a6 8. Bf4 h6 9. Rc1 Rb8 10. b3 b5 11. cxb5 axb5 12. Nxb5 Rxb5 13. Rxc6 Bb7 14. Rc4 Bd5 15. Rc1 Qa8 16. Rxc7 Qxa2 17. Rxe7 Bxb3 18. Qb1 Nd5 19. Qxa2 Bxa2 20. Rd7 Nxf4 21.
gxf4 Re8 22. e3 Bf8 23. Nd2 d5 24. Nf3 Bc4 25. Ra1 Reb8 26. h4 Rb1+ 27. Rxb1 Rxb1+ 28.
Kh2 Rb2 29. Kg3 f6 30. Nh2 h5 31. Bxd5+ Bxd5 32. Rxd5 Kf7 33. Nf3 Ke6 34. Ra5 Bd6 35.
Ra6 Ke7 36. Ne1 g5 37. Ng2 Ke6 38. Ra5 g4 39. Rxh5 f5 40. Rh6+ Ke7 41. h5 Rb1 42. Rh7+ Kf6 43. Rh6+ Ke7 44. Nh4 Kd7 45. Nxf5 Bf8 46.
Rg6 Rg1+ 47. Kh2 Rf1 48. Rxg4 Rxf2+ 49. Kg3 Rf1 50. Kg2 Re1 51. Rg8 Ke8 52. h6 Kf7 53. h7 Re2+ 54. Kf3 Rh2 55. h8=Q 1-0

[Event "Early-Titled-Tuesday-Blitz-September-26-2023"]
[Site "Chess.com"]
[Date "2023.09.26"]
[Round "5"]
[White "Levanzovsky"]
[Black "chessdjw"]
[Result "0-1"]
[WhiteElo "2477"]
[BlackElo "2688"]
[TimeControl "180+1"]
[EndTime "8:58:30 PDT"]
[Termination "chessdjw won by resignation"]

1. e4 e5 2. Nf3 Nc6 3. g3 Nf6 4.
d3 Bc5 5. Bg2 d6 6. O-O O-O 7.
c3 a5 8. a4 h6 9. Na3 Re8 10. Nc4 Be6 11. b3 Qd7 12. d4 Bxc4 13. bxc4 exd4 14. cxd4 Bb4 15. d5 Nb8 16. Bb2 Nxe4 17.
Qd4 f6 18. Nh4 Ng5 19. Kh1 Na6 20. f4 Bc5 21. Qd3 Nh3 22. Bxh3 Qxh3 23. Bxf6 Qg4 24. Bd4 Nb4 25. Qc3 Bxd4 26. Qxd4 Re2 27. Qd1 Rae8 28. Rf2 Nc2 29. Rc1 Re1+ 30. Qxe1 Rxe1+ 31. Rxe1 Nxe1 32. f5 Qd1 33. Rf1 Qe2 34. Kg1 Nd3 35. f6 Qe3+ 36.
Kg2 Qe2+ 37. Kg1 gxf6 38. Nf5 Ne5 39. Nxh6+ Kh7 40. Nf5 Nf3+ 41. Rxf3 Qxf3 0-1

[Event "Early-Titled-Tuesday-Blitz-September-26-2023"]
[Site "Chess.com"]
[Date "2023.09.26"]
[Round "5"]
[White "KorolDimitriy75"]
[Black "CarlosjPineror"]
[Result "1-0"]
[WhiteElo "2399"]
[BlackElo "2561"]
[TimeControl "180+1"]
[EndTime "8:58:30 PDT"]
[Termination "KorolDimitriy75 won by checkmate"]

1. d4 Nf6 2. c4 g6 3. Nc3 Bg7 4. e4 O-O 5. Nf3 c5 6. Be2 cxd4 7. Nxd4 Nc6 8. Be3 d6 9. O-O Bd7 10. f3 a5 11. Qd2 a4 12. Rac1 Nxd4 13. Bxd4 Bc6 14.
Rfd1 Nd7 15. Be3 Qa5 16. Bf1 Rfc8 17. Kh1 Nc5 18. Rc2 a3 19. b3 Na6 20. Bd4 Bxd4 21. Qxd4 Qc5 22. Qd2 Nb4 23. Rcc1 Rd8 24. Nd5 Bxd5 25. cxd5 Qb6 26. Rc4 Na6 27. Rdc1 Nc5 28. b4 Nd7 29. Rc7 Kg7 30. h3 Ra4 31. b5 Nc5 32. Rxe7 Kf6 33. e5+ Kxe7 34. exd6+ Qxd6 35. Qe3+ Kf8 36. Rxc5 Rb4 37. Qc3 Rb1 38. Kg1 Re8 39.
Rc7 Qg3 40. Qh8# 1-0

[Event "Early-Titled-Tuesday-Blitz-September-26-2023"]
[Site "Chess.com"]
[Date "2023.09.26"]
[Round "5"]
[White "Daniel_Salinas"]
[Black "djokovic74"]
[Result "0-1"]
[WhiteElo "2433"]
[BlackElo "2699"]
[TimeControl "180+1"]
[EndTime "8:58:31 PDT"]
[Termination "djokovic74 won on time"]

1. e4 e6 2. d4 d5 3. Nd2 dxe4 4.
Nxe4 Bd7 5. Nf3 Bc6 6. Neg5 Nd7 7. Nxf7 Kxf7 8. Ng5+ Ke8 9. Nxe6 Qe7 10. Bc4 Nb6 11.
Bb3 Bxg2 12. Rg1 Bd5 13. Bxd5 Nxd5 14. Qh5+ g6 15. Qxd5 Kf7 16. Be3 Qxe6 17. Qxb7 Rc8 18. O-O-O Nf6 19. d5 Qd7 20. Bd4 Bg7 21. Qb3 Rb8 22. Qc4 Rhc8 23. Rge1 Bh6+ 24. Kb1 Qxd5 25. Qc3 Nd7 26. Bxa7 Qf5 27. Bxb8 Nxb8 28. Re5 Qf6 29. Rde1 Bg7 30. Re7+ Kg8 31. Qc4+ Kh8 32. c3 Rf8 33. a4 Nc6 34. R7e6 Qf5+ 35. Ka2 Ne5 0-1

[Event "Early-Titled-Tuesday-Blitz-September-26-2023"]
[Site "Chess.com"]
[Date "2023.09.26"]
[Round "5"]
[White "Rital44"]
[Black "CalinGheorghiu"]
[Result "0-1"]
[WhiteElo "2528"]
[BlackElo "2368"]
[TimeControl "180+1"]
[EndTime "8:58:31 PDT"]
[Termination "CalinGheorghiu won by checkmate"]

1. d4 Nf6 2. c4 g6 3. Nf3 Bg7 4. Nc3 O-O 5. e4 d6 6. Be2 e5 7. O-O Nbd7 8. Be3 exd4 9. Nxd4 Re8 10. f3 c6 11. Kh1 d5 12. cxd5 cxd5 13. Ndb5 dxe4 14.
Nd6 exf3 15. Nxe8 Qxe8 16. Rxf3 Ne5 17. Rf1 Bf5 18. Bf4 Rd8 19. Qb3 Nd3 20. Bxd3 Bxd3 21. Rfe1 Qc6 22. Rac1 Bc4 23. Qc2 Bd3 24. Qd2 Qa6 25. Qe3 Ng4 26. Qe7 Qb6 27. h3 Bf8 28.
Qh4 Nf2+ 29. Kh2 Bd6 30. Bxd6 Rxd6 31. Re8+ Kg7 32. Rce1 Rf6 33. Nd5 Qd6+ 34. Qg3 Qxd5 35. R1e3 Be4 36. Rc3 Qd1 37. Qe5 Qh1+ 38. Kg3 Qxg2+ 39.
Kh4 Nd3 40. Qxe4 g5+ 41. Kh5 Rh6# 0-1

[Event "Early-Titled-Tuesday-Blitz-September-26-2023"]
[Site "Chess.com"]
[Date "2023.09.26"]
[Round "5"]
[White "kroppar"]
[Black "Doomfist26"]
[Result "0-1"]
[WhiteElo "2393"]
[BlackElo "2606"]
[TimeControl "180+1"]
[EndTime "8:58:32 PDT"]
[Termination "Doomfist26 won on time"]

1. e4 c5 2. Nf3 d6 3. c3 Nf6 4.
Be2 g6 5. O-O Bg7 6. Re1 O-O 7.
Bf1 e5 8. h3 Re8 9. a4 Nc6 10.
Qc2 Qc7 11. Na3 a6 12. Nc4 d5 13. exd5 Nxd5 14. Qe4 Nf6 15. Qh4 e4 16. Ng5 Bf5 17.
g4 Bd7 18. Bg2 h6 19. Nxe4 Nxe4 20. Bxe4 f5 21. Bd5+ Kh7 22. f3 Rxe1+ 23. Qxe1 Re8 24. Qf2 b5 25. axb5 axb5 26. Ne3 f4 27. Ng2 Nb4 28.
Be4 Rxe4 29. fxe4 Nd3 30. Qf3 c4 31. b3 Bc6 32. bxc4 bxc4 33. Ba3 Qb7 34. Nxf4 Bxe4 35. Qe3 Bh1 36. Rf1 Nxf4 37. Rf2 Nd3 38. Rh2 Qb1+ 39.
Bc1 Qxc1+ 0-1

[Event "Early-Titled-Tuesday-Blitz-September-26-2023"]
[Site "Chess.com"]
[Date "2023.09.26"]
[Round "5"]
[White "MikeSailer"]
[Black "Agibileg"]
[Result "0-1"]
[WhiteElo "2227"]
[BlackElo "2671"]
[TimeControl "180+1"]
[EndTime "8:58:33 PDT"]
[Termination "Agibileg won on time"]

1. d4 Nf6 2. Nc3 d5 3. Bf4 e6 4. Nb5 Na6 5. a3 c6 6. Nc3 Nb8 7. e3 Bd6 8. Nf3 Bxf4 9. exf4 c5 10. dxc5 O-O 11. Ne5 Nbd7 12. b4 a6 13. Bd3 Qc7 14. Qe2 Nxe5 15. fxe5 Nd7 16. f4 b6 17. O-O bxc5 18.
Qd2 cxb4 19. axb4 Qb6+ 20. Kh1 Qxb4 21. Rab1 Qe7 22. Rf3 Nc5 23. Bxh7+ Kxh7 24. Rh3+ Kg8 25. Qe2 g6 26. f5 Qg5 27. f6 Bb7 28. Rg3 Qh4 29.
Rh3 Qf4 30. Rf3 Qc4 31. Qf2 Rfb8 32. Qg3 Bc6 33. Rbf1 d4 0-1

[Event "Early-Titled-Tuesday-Blitz-September-26-2023"]
[Site "Chess.com"]
[Date "2023.09.26"]
[Round "5"]
[White "MikaelyanArman"]
[Black "ActorXu"]
[Result "0-1"]
[WhiteElo "2856"]
[BlackElo "2717"]
[TimeControl "180+1"]
[EndTime "8:58:34 PDT"]
[Termination "ActorXu won on time"]

1. d4 Nf6 2. c4 e6 3. Nf3 d5 4.
Nc3 Bb4 5. Qb3 c5 6. dxc5 Nc6 7. Bg5 Qa5 8. Bxf6 dxc4 9. Qxc4 gxf6 10. Rc1 Qxc5 11.
Qh4 Ke7 12. g3 Bxc3+ 13. Rxc3 Qb4 14. Qxb4+ Nxb4 15. Bg2 Bd7 16. Nd4 Nxa2 17. Ra3 Nb4 18.
Bxb7 e5 19. Bxa8 Rxa8 20. Re3 Kf8 21. Rb3 Rb8 22. Kd2 exd4 23. Ra1 Be6 24. Rba3 a6 25. Ra5 Ke7 26. Rc1 Kd6 27. e4 Rb5 28. Rxb5 axb5 29. Ra1 Bc4 30. f4 Nc6 31. Ra6 Kc5 32. Ra8 Kb4 33. Rc8 Na5 34. Rc7 Nb3+ 35. Kd1 d3 36. e5 fxe5 37. fxe5 d2 38. Rd7 Be6 0-1